 Dungeon Crawl Stone Soup version 0.30-a0-777-ga9a30cbeda (console) character file.

Game seed: 6020835572524319092

49 rlgrobin the Insei (level 3, -1/29 HPs)
             Began as a Mummy Monk on Feb 14, 2023.
             Slain by a goblin
             ... wielding a +0 club
             ... led by Robin
              (6 damage)
             ... on level 2 of the Dungeon.
             The game lasted 00:02:31 (1378 turns).

rlgrobin the Insei (Mummy Monk)                     Turns: 1378, Time: 00:02:32

Health: -1/29      AC:  1    Str: 14    XL:     3   Next: 51%
Magic:  3/3        EV: 12    Int:  9    God:
Gold:   89         SH:  0    Dex: 16    Spells: 2/2 levels left

rFire   x . .      SeeInvis .      - Unarmed
rCold   + . .      Faith    +    (no shield)
rNeg    + + +      Spirit   .    (no body armour)
rPois   ∞          Reflect  .    d - +0 helmet
rElec   .          Harm     .    (no cloak)
rCorr   .          Rampage  .    (no gloves)
Will    .....                    (no boots)
Stlth   ++                       (no amulet)
HPRegen 0.24/turn                (no ring)
MPRegen 0.08/turn                (no ring)

@: no status effects
A: cold resistance 1, negative energy resistance 3, torment resistance 2, heat
vulnerability 1, in touch with death 1, no potions, faith
a: no special abilities


You were on level 2 of the Dungeon.
You visited 1 branch of the dungeon, and saw 2 of its levels.

You collected 89 gold pieces.

Inventory:

Armour
 d - a +0 helmet (worn)
Scrolls
 a - a scroll of identify {unknown}
 b - a scroll of amnesia {unknown}
 c - a scroll of fog {unknown}
 e - a scroll of acquirement {unknown}


   Skills:
 - Level 3.0 Fighting
 - Level 2.4 Dodging
 - Level 1.5 Stealth
 + Level 3.8 Unarmed Combat


You had 2 spell levels left.
You didn't know any spells.
Your spell library was empty.

Dungeon Overview and Level Annotations

Branches:
Dungeon (2/15)

Altars:

Annotations:
D:2 Robin


Innate Abilities, Weirdness & Mutations

You are immune to poison.
Your flesh is cold resistant. (rC+)
You are immune to negative energy. (rN+++)
You are immune to unholy pain and torment.
You are vulnerable to heat. (rF-)
You are in touch with the powers of death.
You do not drink.
You have a special connection with the divine. (Faith)


Message History

You kill the goblin!
The goblin hits you with a +0 dagger.
You hit the goblin.
The goblin is moderately wounded.
You hit the goblin.
You kill the goblin!
You barely miss the goblin.
Robin says, "Duck!"
Robin roars a battlecry!
The goblin goes into a battle-frenzy!
The goblin hits you with a +0 dagger.
You hit the goblin.
The goblin is severely wounded.
The goblin closely misses you.
You hit the goblin.
You kill the goblin!
Robin misses you.
Robin says, "Duck!"
Press: ? - help, v - describe, . - travel
Here: Robin, wielding a +4 heavy spear, wearing a +0 animal skin and wearing a +0 helmet The floor.
Robin flexes a bicep menacingly.
Robin roars a battlecry!
You hear a shout!
You hear a shout!
You closely miss the goblin. The goblin attacks as you move away!
The goblin hits you with a +0 club! The hobgoblin attacks as you move away!
The hobgoblin hits you. The goblin attacks as you move away!
The goblin hits you with a +0 club. The hobgoblin attacks as you move away!
The hobgoblin barely misses you. The goblin hits you with a +0 club.
You see here a ruby potion.
The hobgoblin attacks as you move away! The hobgoblin hits you.
* * * LOW HITPOINT WARNING * * *
The goblin attacks as you move away! The goblin barely misses you.
The goblin no longer looks unusually strong.
Robin roars a battlecry!
The goblin goes into a battle-frenzy!
The goblin attacks as you move away! The goblin hits you with a +0 club.
You die...

.####.# #.....!....# .#
##.######.......###
####......######...#
###.......# #g..#
!.....##..# #...#
..........# #.g.#
.....).#..######g..######
#.#..#.#........g........
†.#.............@........
###................[.....
# #.##.#.#######...####.#
# #......# #...# # #
##...### #...# # #.###
#..># # #.# #...# # #.#
#...# # #.#


You could see Robin, a hobgoblin (strong) and 2 goblins.

Vanquished Creatures
  An adder (D:2)
  A dart slug (D:1)
  2 ball pythons
  3 bats
  5 endoplasms
  A giant cockroach (D:1)
  A hobgoblin (D:1)
  A kobold (D:1)
  A quokka (D:1)
  A frilled lizard (D:2)
  10 goblins
  7 rats (D:1)
34 creatures vanquished.

Notes
Turn   | Place    | Note
-------+----------+-------------------------------------------
     0 | D:1      | rlgrobin the Mummy Monk began the quest for the Orb.
     0 | D:1      | Reached XP level 1. HP: 18/18 MP: 1/1
   176 | D:1      | Reached XP level 2. HP: 24/24 MP: 2/2
   946 | D:2      | Gained mutation: You are in touch with the powers of death.
                  | [Mummy growth]
   946 | D:2      | Reached XP level 3. HP: 24/29 MP: 3/3
  1337 | D:2      | Noticed Robin
  1378 | D:2      | Slain by a goblin

Illustrated notes

Levels and vault maps discovered:
D:1:      saegor_arrival_simple_a, layout_loops_ring
D:2:      layout_loops_cross, basic_altar, kennysheep_generic_room_8, uniq_robin

Skill      XL: |  1  2 |
---------------+-------+-----
Unarmed Combat | 3 |  3.8
Fighting       | |  3.0
Dodging        | |  2.4
Stealth        | |  1.5

Action                     || total
---------------------------++-------
  Melee: Unarmed           ||   118
   Stab: Sleeping          ||     6
 Armour: Skin              ||     5
  Dodge: Dodged            ||    60

Table legend: (Time is in decaauts)
 A = Elapsed time spent in this place.
 B = Non-inter-level travel time spent in this place.
 C = Inter-level travel time spent in this place.
 D = Time resting spent in this place.
 E = Time spent auto-exploring this place.
 F = Levels seen in this place.
 G = Mean time per level.
                   A        B        C        D        E       F      G
               +--------+--------+--------+--------+--------+-----+--------+
         Total |   1370 |   1334 |     36 |    279 |    713 |   2 |  685.0 |
       Dungeon |   1370 |   1334 |     36 |    279 |    713 |   2 |  685.0 |
               +--------+--------+--------+--------+--------+-----+--------+

Top non-repeatable levels by time:
     D:1: 924 daAuts
     D:2: 446 daAuts
